 Dungeon Crawl Stone Soup version 0.22.1-1-ga44c0e56f4 (webtiles) character file.

41 Oyasumi the Sneak (level 3, 0/27 HPs)
             Began as a Vampire Assassin on Sept 26, 2018.
             Slain by a giant cockroach (1 damage)
             ... on level 2 of the Dungeon.
             The game lasted 00:05:06 (1253 turns).

Oyasumi the Sneak (Vampire Assassin)                Turns: 1253, Time: 00:05:06

Health: 0/27       AC:  4    Str: 11    XL:     3   Next: 32%
Magic:  3/3        EV: 14    Int: 13    God:
Gold:   36         SH:  0    Dex: 15    Spells: 2/2 levels left

rFire    x . .     SeeInvis +   a - +2 dagger
rCold    + + .     Gourm    .   (no shield)
rNeg     + + .     Faith    .   c - +0 robe
rPois    +         Spirit   .   (no helmet)
rElec    .         Reflect  .   d - +0 cloak
rCorr    .         Harm     .   (no gloves)
MR       .....                  m - +0 pair of boots
Stlth    +++++.....             (no amulet)
HPRegen  0.04/turn              i - ring of ice (curse)
MPRegen  0.08/turn              j - +2 ring of evasion

@: regenerating slowly
A: fangs 3, see invisible, unbreathing
a: Bat Form


You were on level 2 of the Dungeon.
You were thirsty.

You visited 1 branch of the dungeon, and saw 2 of its levels.

You collected 36 gold pieces.

Inventory:

Hand Weapons
 a - a +2 dagger (weapon)
 b - a +0 blowgun
Missiles
 e - 8 poisoned needles
 f - 2 curare-tipped needles
Armour
 c - a +0 robe (worn)
 d - a +0 cloak (worn)
 m - a +0 pair of boots (worn)
Jewellery
 i - a cursed ring of ice (left hand)
 j - a +2 ring of evasion (right hand)
 k - an uncursed ring of see invisible {unknown}
Scrolls
 h - a scroll of remove curse {unknown}
 o - a scroll of enchant armour {unknown}
Potions
 g - 2 potions of blood
 l - a potion of degeneration {unknown}
 n - a potion of curing {unknown}


   Skills:
 + Level 1.8 Fighting
 + Level 2.6 Short Blades
 + Level 1.7 Throwing
 + Level 1.4 Dodging
 + Level 7.1 Stealth


You had 2 spell levels left.
You didn't know any spells.
Your spell library was empty.

Dungeon Overview and Level Annotations

Branches:
Dungeon (2/15)

Altars:


Innate Abilities, Weirdness & Mutations

You heal slowly.
You have razor-sharp teeth.
You have supernaturally acute eyesight. (SInv)
You can survive without breathing.


Message History

The quokka closely misses you. The rat bites you but does no damage.
You hit the rat.
You kill the rat!
The quokka barely misses you. The rat barely misses you. The rat misses you.
The quokka barely misses you. The quokka barely misses you.
The rat bites you but does no damage. The quokka bites you.
* * * LOW HITPOINT WARNING * * *
The rat barely misses you. The rat closely misses you. The quokka misses you.
The rat closely misses you. The quokka closely misses you.
The rat barely misses you. The quokka closely misses you.
The rat bites you but does no damage. The rat barely misses you.
The giant cockroach misses you.
A frilled lizard comes into view.
The giant cockroach bites you but does no damage.
The quokka closely misses you. The giant cockroach bites you.
You die...

.. ..# .... #######
....#######†....#...
#.........<.......
#.................
#.......r.........
##..$..sr.........
#.....@..........
#.....!..........
#..#....)..........
##..............?..
.........>....#.
#.##...$...##### ..
###..?..# ##.l..#


You could see a quokka, a giant cockroach, a frilled lizard (sleeping) and a
rat.

Vanquished Creatures
  2 adders (D:2)
  2 giant cockroaches (D:1)
  4 hobgoblins (D:1)
  5 bats (D:1)
  2 frilled lizards (D:1)
  4 goblins (D:1)
  4 kobolds (D:1)
  2 rats
25 creatures vanquished.

Notes
Turn   | Place    | Note
-------+----------+-------------------------------------------
     0 | D:1      | Oyasumi the Vampire Assassin began the quest for the Orb.
     0 | D:1      | Reached XP level 1. HP: 16/16 MP: 1/1
    46 | D:1      | Reached skill level 6 in Stealth
   170 | D:1      | Reached XP level 2. HP: 21/22 MP: 2/2
  1219 | D:2      | Reached XP level 3. HP: 27/27 MP: 3/3
  1220 | D:2      | Reached skill level 7 in Stealth
  1245 | D:2      | HP: 1/27 [quokka (4)]
  1253 | D:2      | Slain by a giant cockroach

Skill      XL: |  1  2  3 |
---------------+----------+-----
Stealth        | 6 7 |  7.1
Fighting       | |  1.8
Short Blades   | |  2.6
Throwing       | |  1.7
Dodging        | |  1.4

Action                   || total
-------------------------++-------
Melee: Dagger            ||    61
       Bite              ||     4
 Stab: Sleeping          ||     8
Armor: Robe              ||    18
Dodge: Dodged            ||    57
